 Dungeon Crawl Stone Soup version 0.25-a0-782-g655279ceaa (webtiles) character file.

Game seed: 459831198617503738, levelgen mode: deterministic

42 tilp the Bolt Thrower (level 3, -2/20 HPs)
             Began as a Kobold Arcane Marksman on Apr 17, 2020.
             Slain by an adder (3 damage)
             ... on level 2 of the Dungeon.
             The game lasted 00:03:12 (1878 turns).

tilp the Bolt Thrower (Kobold Arcane Marksman)      Turns: 1878, Time: 00:03:14

Health: -2/20      AC:  2    Str:  8    XL:     3   Next: 80%
Magic:  3/4        EV: 15    Int: 14    God:
Gold:   91         SH:  0    Dex: 15    Spells: 1/4 levels left

rFire    . . .     SeeInvis .   b - +1 whip (pain)
rCold    . . .     Gourm    .   (shield restricted)
rNeg     . . .     Faith    .   e - +0 robe
rPois    .         Spirit   .   (no helmet)
rElec    .         Reflect  .   (no cloak)
rCorr    .         Harm     .   (no gloves)
MR       .....                  (no boots)
Stlth    +.........             (no amulet)
HPRegen  0.06/turn              (no ring)
MPRegen  0.09/turn              (no ring)

@: lethally poisoned (-2 -> -10)
A: small, carnivore
a: no special abilities


You were on level 2 of the Dungeon.
You were completely stuffed.

You visited 1 branch of the dungeon, and saw 2 of its levels.

You collected 91 gold pieces.

Inventory:

Hand Weapons
 a - a +0 hand crossbow
 b - a +1 whip of pain (weapon)
 i - a +0 mace
Missiles
 d - 15 bolts
Armour
 e - a +0 robe (worn)
 h - a +0 kite shield
Scrolls
 g - a scroll of immolation {unknown}
 j - a scroll of remove curse {unknown}
 l - a scroll of magic mapping {unknown}
 m - a scroll of identify {unknown}
Potions
 f - a potion of haste {unknown}
 n - a potion of heal wounds {unknown}
Comestibles
 c - 6 rations


   Skills:
 - Level 1.1 Fighting
 + Level 4.6 Crossbows
 - Level 2.4 Dodging
 - Level 1.1 Spellcasting
 - Level 3.0 Hexes


You had one spell level left.
You knew the following spells:

 Your Spells              Type           Power        Failure   Level  Hunger
a - Corona                Hex            #......      8%          1    ##.....
b - Slow                  Hex            #.......     12%         2    ###....

Your spell library contained the following spells:

 Spells                   Type           Power        Failure   Level  Hunger
 Inner Flame              Hex/Fire       #.......     38%         3    ####...
 Portal Projectile        Hex/Tloc       #.....       38%         3    ####...
 Cause Fear               Hex            #.........   58%         4    #####..
 Leda's Liquefaction      Hex/Erth       #.........   80%         4    #####..


Dungeon Overview and Level Annotations

Branches:
Dungeon (2/15)

Altars:


Innate Abilities, Weirdness & Mutations

You are small and have problems with some larger weapons.
You are carnivorous and can eat meat at any time.


Message History

An adder comes into view.
The adder hisses angrily.
You hit the adder but do no damage.
The adder is almost dead.
The adder misses you.
Unknown command.
You barely miss the adder.
The adder is almost dead.
The adder stops glowing.
The adder barely misses you. The adder closely misses you.
Unknown command.
Okay, then.
You barely miss the adder.
The adder is almost dead.
* * * LOW HITPOINT WARNING * * *
You feel sick. The adder bites you.
* * * LOW HITPOINT WARNING * * *
You are more poisoned.
The adder poisons you! The adder closely misses you. The adder bites you.
You die...

#. .. #. ##. .#
.. #.# #. ...
#S#####.#
#.@.#... ###S#.#
#(..# ##.##
##.######.#
..........######
...............#
#..##..#.#.#...#
# #.....(..#.#


You could see 2 adders.

Vanquished Creatures
  An adder (D:2)
  2 dart slugs
  3 giant cockroaches
  6 hobgoblins
  2 jackals (D:1)
  A quokka (D:2)
  A ball python (D:2)
  3 bats
  2 frilled lizards (D:2)
  2 goblins (D:1)
  3 kobolds (D:2)
  3 rats
29 creatures vanquished.

Notes
Turn   | Place    | Note
-------+----------+-------------------------------------------
     0 | D:1      | tilp the Kobold Arcane Marksman began the quest for the
                  | Orb.
     0 | D:1      | Reached XP level 1. HP: 12/12 MP: 2/2
   138 | D:1      | Reached skill level 3 in Crossbows
   247 | D:1      | Reached XP level 2. HP: 16/16 MP: 3/3
   361 | D:1      | Learned a level 2 spell: Slow
  1318 | D:2      | Reached skill level 4 in Crossbows
  1318 | D:2      | Reached XP level 3. HP: 19/20 MP: 4/4
  1878 | D:2      | HP: 1/20 [adder (2)]
  1878 | D:2      | Slain by an adder

Levels and vault maps discovered:
D:1:      psy_arrival_statuary, layout_loops_ring
D:2:      layout_loops_ring, serial_glass, glass_columns_a, glass_columns_b,
          glass_columns_a, glass_columns_a, glass_columns_a, glass_columns_a

Skill      XL: |  1  2 |
---------------+-------+-----
Crossbows      | 3 4 |  4.6
Fighting       | |  1.1
Dodging        | |  2.4
Spellcasting   | |  1.1
Hexes          | |  3.0

Action                   || total
-------------------------++-------
Melee: Dagger            ||   112
       Whip              ||    22
 Fire: Hand crossbow     ||    32
 Cast: Corona            ||    15
       Slow              ||     1
 Stab: Distracted        ||     1
  Eat: Chunk             ||    12
Armor: Robe              ||    22
Dodge: Dodged            ||   151

Table legend:
 A = Non-vault XP
 B = Vault XP
 C = Vault XP percentage of total XP
 D = Non-vault monster count
 E = Vault monster count
 F = Vault count percentage of total count
                 A         B        C        D         E       F
            +---------+---------+-------+---------+---------+-------
      Total |      61 |       0 |   0.0 |      29 |       0 |   0.0
            +---------+---------+-------+---------+---------+-------
        D:1 |      21 |       0 |   0.0 |      12 |       0 |   0.0
        D:2 |      40 |       0 |   0.0 |      17 |       0 |   0.0
            +---------+---------+-------+---------+---------+-------
